 Dungeon Crawl Stone Soup version 0.25-a0-860-gf695395b5c (webtiles) character file.

Game seed: 15309048863300397514, levelgen mode: deterministic

1194 Maedhros the Martial Artist (level 8, -15/51 HPs)
             Began as an Octopode Artificer on Apr 26, 2020.
             Was an Elder of Cheibriados.
             Demolished by a two-headed ogre
             ... wielding a +0 giant spiked club
              (30 damage)
             ... on level 6 of the Dungeon on Apr 27, 2020.
             The game lasted 00:17:48 (3047 turns).

Maedhros the Martial Artist (Octopode Artificer)    Turns: 3047, Time: 00:17:49

Health: -15/51     AC:  5    Str: 21    XL:     8   Next: 43%
Magic:  11/11      EV: 15    Int: 22    God:    Cheibriados [****..]
Gold:   453        SH:  3    Dex: 23    Spells: 7/7 levels left

rFire    . . .     SeeInvis .     - Unarmed
rCold    . . .     Gourm    .   (no shield)
rNeg     . . .     Faith    .   (helmet restricted)
rPois    .         Spirit   .   h - +3 amulet of reflection
rElec    .         Reflect  +   y - +4 ring of protection
rCorr    .         Harm     .   (no ring)
MR       .....                  (no ring)
Stlth    ++++......             (no ring)
HPRegen  0.17/turn              (no ring)
MPRegen  0.12/turn              (no ring)
                                (no ring)
                                (no ring)

@: lethally poisoned (-15 -> -15), very slow
A: almost no armour, stealthy swim, amphibious, 8 rings, constrict 8, camouflage
1, gelatinous body 1
a: Bend Time, Temporal Distortion, Slouch, Renounce Religion


You were on level 6 of the Dungeon.
You worshipped Cheibriados.
Cheibriados was greatly pleased with you.
You were not hungry.

You visited 2 branches of the dungeon, and saw 7 of its levels.
You also visited: Sewer and Ossuary.

You collected 453 gold pieces.

Inventory:

Hand Weapons
 w - a +4 hand axe
 B - a +1 dagger of venom
Missiles
 g - 5 javelins
 i - 73 poisoned darts (quivered)
 u - 5 curare-tipped darts
Jewellery
 h - a +3 amulet of reflection (around mantle)
 y - a +4 ring of protection (left tentacle)
Wands
 b - a wand of flame (10)
 c - a wand of enslavement (6)
 d - a wand of random effects (3)
 x - a wand of scattershot (3)
Scrolls
 e - 2 scrolls of remove curse
 j - 2 scrolls of enchant armour
 k - a scroll of fog {unknown}
 n - 3 scrolls of enchant weapon {unknown}
 q - 4 scrolls of fear {unknown}
 r - 4 scrolls of teleportation {unknown}
 C - a scroll of magic mapping {unknown}
 E - a scroll of blinking {unknown}
 H - 4 scrolls of amnesia {unknown}
Potions
 a - 3 potions of haste
 l - a potion of berserk rage
 m - 7 potions of curing
 o - 3 potions of heal wounds
 p - a potion of invisibility {unknown}
 s - a potion of cancellation {unknown}
 t - 3 potions of flight
 v - a potion of stabbing {unknown}
 z - a potion of degeneration {unknown}
 A - 3 potions of might
 D - a potion of brilliance {unknown}
 G - a potion of mutation {unknown}
Comestibles
 f - 7 rations
 F - 3 chunks of flesh


   Skills:
 + Level 2.6 Fighting
 - Level 1.0 Short Blades
 + Level 3.2 Dodging
 - Level 4.0 Stealth
 * Level 8.3 Unarmed Combat
 - Level 4.0 Evocations


You had 7 spell levels left.
You didn't know any spells.
Your spell library contained the following spells:

 Spells                   Type           Power        Failure   Level  Hunger
 Foxfire                  Conj/Fire      #...         17%         1    ##.....
 Conjure Flame            Conj/Fire      #.......     45%         3    ####...
 Inner Flame              Hex/Fire       #.......     45%         3    ####...
 Sticky Flame             Conj/Fire      #.......     86%         4    #####..
 Fireball                 Conj/Fire      #.........   99%         5    ######.


Dungeon Overview and Level Annotations

Branches:
Dungeon (6/15)             Temple (1/1) D:4           Sewer (visited)
Ossuary (visited)

Altars:
Ashenzari
Cheibriados
Dithmenos
Fedhas
Kikubaaqudgha
Nemelex Xobeh
Ru
Trog
Uskayaw
Vehumet
The Shining One

Shops:
D:4 (*:


Innate Abilities, Weirdness & Mutations

You cannot wear most types of armour.
You are very stealthy in the water. (Stealth+)
You are amphibious.
You can wear up to eight rings at the same time.
You can use your tentacles to constrict eight enemies at once.
Your skin changes colour to match your surroundings (Stealth+).
Your rubbery body absorbs attacks. (AC +1, EV +1)


Message History

You feel sick.
Things that are here:
a +0 rapier; a +0 ring mail; the elf corpse of Duvessa You feel sick.
You feel sick.
You feel sick.
Found a stone staircase leading down.
You feel sick.
You feel sick.
You feel sick.
You feel sick.
Found a stone staircase leading down.
A two-headed ogre comes into view.
It is wielding a +0 giant spiked club and a +0 giant club.
You feel sick.
The two-headed ogre shouts in stereo!
Found a stone staircase leading down.
A leopard gecko comes into view.
The two-headed ogre hits you with a +0 giant spiked club!!
Ouch! That really hurt!
You die...

#.>...### #.#.....#
#.#.#.#.#######
#.#.#.#....)).#
#.#.#.#[.####.#####
#.#.#.#..####......
#.#.#.#............
######.#.#.##.###...####
#.....O@....#.##.#......
#.####....>.#.###...####
###.##.#.# ##.## #.# ...
...# #.# ..###### #.# .#
... .# .#


You could see a two-headed ogre.

Vanquished Creatures
  Duvessa (D:6)
  A phantom (D:4)
  An ogre (D:4)
  2 bullfrogs (D:6)
  Dowan (D:6)
  A howler monkey (D:4)
  3 orc priests
  A hound (D:4)
  A centaur skeleton (D:4)
  Ijyb (D:5)
  An iguana (D:5)
  5 worker ants
  An orc wizard (D:4)
  A hound skeleton (D:4)
  7 mummies (Ossuary)
  A worker ant zombie (D:5)
  9 adders
  2 worms (D:3)
  12 orcs
  5 giant cockroaches
  A gnoll zombie (Ossuary)
  11 goblins
  9 hobgoblins
  16 jackals
  7 ball pythons
  8 bats
  5 frilled lizards
  2 hobgoblin zombies (Ossuary)
  12 kobolds
  A kobold zombie (Ossuary)
  2 leopard gecko skeletons (D:4)
  2 orc zombies (Ossuary)
  8 rats
  4 plants (Sewer)
145 creatures vanquished.

Vanquished Creatures (collateral kills)
  An ogre (D:5)
  2 goblins (D:2)
  2 kobolds (Sewer)
  A rat (D:2)
6 creatures vanquished.

Vanquished Creatures (others)
  A mummy (Ossuary)
  An adder (D:5)
  A hobgoblin zombie (Ossuary)
  An orc zombie (Ossuary)
4 creatures vanquished.

Grand Total: 155 creatures vanquished

Notes
Turn   | Place    | Note
-------+----------+-------------------------------------------
     0 | D:1      | Maedhros the Octopode Artificer began the quest for the
                  | Orb.
     0 | D:1      | Reached XP level 1. HP: 13/13 MP: 3/3
   161 | D:2      | Reached XP level 2. HP: 15/18 MP: 4/4
   334 | D:4      | Noticed a phantom
   345 | D:4      | Found Qar Zor's Assorted Antiques.
   366 | D:4      | Found a sand-covered staircase.
   371 | Ossuary  | Entered an ossuary
   473 | Ossuary  | Reached XP level 3. HP: 11/23 MP: 4/6
   477 | Ossuary  | Reached skill level 1 in Unarmed Combat
   478 | Ossuary  | Reached XP level 4. HP: 4/28 MP: 4/7
   478 | Ossuary  | HP: 1/28 [gnoll zombie (3)]
   490 | Ossuary  | Reached skill level 2 in Unarmed Combat
   615 | Ossuary  | Reached XP level 5. HP: 16/33 MP: 8/8
   911 | D:4      | Found Ykij's Weapon Shoppe.
   915 | D:4      | Reached skill level 3 in Unarmed Combat
   989 | D:5      | Entered Level 5 of the Dungeon
  1007 | D:4      | Found a staircase to the Ecumenical Temple.
  1014 | Temple   | Entered the Ecumenical Temple
  1074 | Temple   | Became a worshipper of Cheibriados the Contemplative
  1201 | D:5      | Noticed Ijyb
  1209 | D:5      | Killed Ijyb
  1231 | D:5      | Reached skill level 4 in Unarmed Combat
  1273 | D:5      | Found a radiant altar of Vehumet.
  1333 | D:5      | Found a glowing drain.
  1346 | Sewer    | Entered a sewer
  1406 | Sewer    | Reached * piety under Cheibriados
  1490 | Sewer    | Reached XP level 6. HP: 38/38 MP: 9/9
  1862 | D:3      | Reached ** piety under Cheibriados
  1870 | D:3      | Reached skill level 5 in Unarmed Combat
  2332 | D:1      | Reached *** piety under Cheibriados
  2588 | D:4      | Killed a phantom
  2588 | D:4      | Reached skill level 6 in Unarmed Combat
  2588 | D:4      | Reached XP level 7. HP: 42/43 MP: 10/10
  2704 | D:4      | Reached skill level 7 in Unarmed Combat
  2782 | D:4      | Found Kono's Book Shop.
  2825 | D:4      | Reached **** piety under Cheibriados
  2887 | D:5      | Found a hide-covered altar of Uskayaw.
  2887 | D:5      | Noticed a +0 dagger
  2887 | D:5      | Noticed a +0 dagger
  2904 | D:5      | Reached XP level 8. HP: 44/48 MP: 11/11
  2950 | D:6      | Reached skill level 8 in Unarmed Combat
  3010 | D:6      | Noticed Dowan
  3011 | D:6      | Noticed Duvessa
  3020 | D:6      | Killed Duvessa
  3030 | D:6      | Killed Dowan
  3046 | D:6      | Noticed a two-headed ogre
  3047 | D:6      | Demolished by a two-headed ogre

Levels and vault maps discovered:
D:1:      minmay_arrival_wavy_path, layout_basic
D:2:      layout_loops_corners, first_ration, grunt_ministairs_2,
          kennysheep_generic_room_16
D:3:      layout_loops_cross, minmay_joined_circles
D:4:      minmay_diamond_boxcup, layout_loops_ring,
          minmay_temple_entry_crystal_x, enter_ossuary_2, serial_shops,
          kennysheep_mini_moat, shop, shop, shop, hangedman_decor_growths
D:5:      layout_loops_ring, overflow_temple_1_default, dancing_weapons_uskayaw,
          portal_sewer_entry_d, uniq_ijyb
D:6:      layout_loops_ring, uniq_duvessa
Temple:   dpeg_five_rooms_temple

Skill      XL: |  1  2  3  4  5  6  7  8 |
---------------+-------------------------+-----
Stealth        | 2 3 4 |  4.0
Evocations     | 4 |  4.0
Unarmed Combat | 1 2 4 6 7 8 |  8.3
Fighting       | 2 |  2.6
Dodging        | 3 |  3.2
Short Blades   | |  1.0

Action                   |  1- 3 |  4- 6 |  7- 9 || total
-------------------------+-------+-------+-------++-------
Melee: Short sword       |    37 |    42 |       ||    79
       Constrict         |    10 |    58 |    18 ||    86
       Tentacles         |     6 |    66 |    28 ||   100
       Unarmed           |       |   179 |    69 ||   248
       Hand axe          |       |    16 |       ||    16
       Dagger            |       |     7 |       ||     7
       Punch             |       |     8 |     4 ||    12
Throw: Dart              |       |       |     2 ||     2
Evoke: Wand              |    16 |    19 |     3 ||    38
  Use: Potion            |       |     1 |       ||     1
       Scroll            |       |     7 |     2 ||     9
 Stab: Sleeping          |     6 |    10 |       ||    16
  Eat: Chunk             |       |     4 |     1 ||     5
Armor: Skin              |     7 |    43 |    11 ||    61
Dodge: Dodged            |    33 |   114 |    40 ||   187
Block: Other             |       |       |     3 ||     3

Table legend:
 A = Non-vault XP
 B = Vault XP
 C = Vault XP percentage of total XP
 D = Non-vault monster count
 E = Vault monster count
 F = Vault count percentage of total count
                 A         B        C        D         E       F
            +---------+---------+-------+---------+---------+-------
      Total |     931 |     775 |  45.4 |      88 |      60 |  40.5
            +---------+---------+-------+---------+---------+-------
        D:1 |      31 |       0 |   0.0 |      20 |       0 |   0.0
        D:2 |     124 |       1 |   0.8 |      24 |       1 |   4.0
        D:3 |      18 |      66 |  78.6 |      10 |      14 |  58.3
        D:4 |     370 |     224 |  37.7 |      18 |       5 |  21.7
        D:5 |     168 |      49 |  22.6 |      10 |       2 |  16.7
        D:6 |     220 |     223 |  50.3 |       6 |       2 |  25.0
      Sewer |       0 |      68 | 100.0 |       0 |      22 | 100.0
    Ossuary |       0 |     144 | 100.0 |       0 |      14 | 100.0
            +---------+---------+-------+---------+---------+-------
